2439 views
Uploaded 2021-09-10 20:56:27
Game version 1.32.10
3:20 long 4on4 ladder game on (8)Mur'gulOasis_LV
Saved by Teelo
2439 views
Uploaded 2021-09-10 20:56:27
Game version 1.32.10
3:20 long 4on4 ladder game on (8)Mur'gulOasis_LV

/ 0.1k
31 buildings @ 4.5k
/ 1.1k
| Peasant | 9 | 675 | / | 0 |
| total: | 9 | 675g | / | 0w |
| Lumber Mill | 1 | 120 | / | 0 |
| Altar of Kings | 1 | 180 | / | 50 |
| Farm | 8 | 640 | / | 160 |
| Keep | 2 | 640 | / | 420 |
| total: | 10 | 940g | / | 210w |
| 0:03 | Peasant |
| 0:03 | Peasant |
| 0:03 | Peasant |
| 0:07 | Lumber Mill |
| 0:10 | Peasant |
| 0:20 | Peasant |
| 0:34 | Peasant |
| 0:48 | Peasant |
| 1:05 | Peasant |
| 1:21 | Peasant |
| 1:35 | Altar of Kings |
| 1:48 | Keep |
| 1:50 | Farm |
| 1:52 | Farm |
| 1:53 | Farm |
| 2:26 | Farm |
| 2:28 | Farm |
| 2:30 | Farm |
| 3:10 | Farm |
| 3:11 | Farm |
| Select | 33 |
| Right click | 32 |
| Assign group | 19 |
| Select group | 18 |
| Build/train/purchase | 12 |
| Remove unit | 2 |

| Acolyte | 2 | 150 | / | 0 |
| Ghoul | 6 | 720 | / | 0 |
| total: | 8 | 870g | / | 0w |
| Ziggurat | 6 | 900 | / | 300 |
| Crypt | 2 | 400 | / | 100 |
| Altar of Darkness | 1 | 180 | / | 50 |
| Graveyard | 1 | 215 | / | 0 |
| total: | 10 | 1695g | / | 450w |
| 0:08 | Acolyte |
| 0:08 | Acolyte |
| 0:18 | Ziggurat |
| 0:24 | Crypt |
| 0:57 | Crypt |
| 1:00 | Altar of Darkness |
| 1:21 | Ziggurat |
| 1:48 | Graveyard |
| 2:02 | Ghoul |
| 2:02 | Ghoul |
| 2:03 | Ghoul |
| 2:03 | Ghoul |
| 2:12 | Ghoul |
| 2:24 | Ghoul |
| 2:41 | Ziggurat |
| 2:42 | Ziggurat |
| 2:43 | Ziggurat |
| 2:44 | Ziggurat |
| 3:06 | Carrion Beetles |
| Select | 28 |
| Build/train/purchase | 11 |
| Right click | 10 |
| Esc | 2 |

| Peon | 10 | 750 | / | 0 |
| Grunt | 2 | 400 | / | 0 |
| total: | 12 | 1150g | / | 0w |
| Altar of Storms | 1 | 180 | / | 50 |
| Orc Burrow | 2 | 320 | / | 80 |
| Barracks | 2 | 360 | / | 100 |
| War Mill | 1 | 205 | / | 0 |
| Voodoo Lounge | 1 | 130 | / | 30 |
| total: | 7 | 1195g | / | 260w |
| 0:03 | Peon |
| 0:03 | Peon |
| 0:03 | Peon |
| 0:31 | Altar of Storms |
| 0:35 | Orc Burrow |
| 0:38 | Peon |
| 0:38 | Peon |
| 0:54 | Barracks |
| 0:57 | Barracks |
| 1:02 | Peon |
| 1:29 | War Mill |
| 1:31 | Peon |
| 1:42 | Orc Burrow |
| 1:55 | Voodoo Lounge |
| 2:10 | Grunt |
| 2:19 | Peon |
| 2:34 | Hex |
| 2:41 | Grunt |
| 2:48 | Peon |
| 2:53 | Peon |
| 3:06 | Steel Melee Weapons |
| Chat | 121 |
| Select group | 47 |
| Right click | 37 |
| Select | 29 |
| Build/train/purchase | 15 |
| Assign group | 5 |
| Use ability | 1 |

| Wisp | 14 | 840 | / | 0 |
| Archer | 5 | 650 | / | 50 |
| total: | 19 | 1490g | / | 50w |
| Altar of Elders | 1 | 180 | / | 50 |
| Ancient of War | 1 | 150 | / | 60 |
| Moon Well | 2 | 360 | / | 80 |
| Tree of Ages | 1 | 320 | / | 180 |
| total: | 4 | 690g | / | 190w |
| 0:04 | Wisp |
| 0:04 | Wisp |
| 0:04 | Wisp |
| 0:05 | Wisp |
| 0:05 | Wisp |
| 0:31 | Altar of Elders |
| 0:35 | Ancient of War |
| 0:49 | Moon Well |
| 0:52 | Wisp |
| 0:52 | Wisp |
| 0:52 | Wisp |
| 1:19 | Wisp |
| 1:20 | Wisp |
| 1:20 | Wisp |
| 1:20 | Wisp |
| 1:20 | Wisp |
| 1:42 | Archer |
| 1:50 | Archer |
| 2:03 | Moon Well |
| 2:09 | Archer |
| 2:17 | Wisp |
| 2:39 | Tree of Ages |
| 2:47 | Force of Nature |
| 3:07 | Archer |
| 3:08 | Archer |
| Chat | 48 |
| Select | 43 |
| Right click | 30 |
| Build/train/purchase | 22 |
| Remove unit | 8 |
| Assign group | 2 |
| Use ability | 1 |
/ 0.1k
30 buildings @ 4k
/ 1k
| Wisp | 6 | 360 | / | 0 |
| Archer | 2 | 260 | / | 20 |
| total: | 8 | 620g | / | 20w |
| Ancient of War | 1 | 150 | / | 60 |
| Moon Well | 3 | 540 | / | 120 |
| Altar of Elders | 1 | 180 | / | 50 |
| total: | 5 | 870g | / | 230w |
| 0:02 | Wisp |
| 0:03 | Wisp |
| 0:28 | Ancient of War |
| 0:35 | Moon Well |
| 0:36 | Wisp |
| 0:36 | Wisp |
| 0:37 | Wisp |
| 1:26 | Wisp |
| 1:32 | Altar of Elders |
| 1:34 | Moon Well |
| 1:36 | Archer |
| 2:22 | Archer |
| 2:28 | Moon Well |
| Chat | 66 |
| Right click | 29 |
| Select | 26 |
| Build/train/purchase | 9 |
| Select group | 5 |
| Use ability | 3 |
| Assign group | 2 |

| Peon | 7 | 525 | / | 0 |
| Troll Headhunter | 3 | 420 | / | 60 |
| total: | 10 | 945g | / | 60w |
| Orc Burrow | 3 | 480 | / | 120 |
| Altar of Storms | 1 | 180 | / | 50 |
| War Mill | 1 | 205 | / | 0 |
| Barracks | 2 | 360 | / | 100 |
| total: | 7 | 1225g | / | 270w |
| 0:04 | Peon |
| 0:05 | Peon |
| 0:08 | Orc Burrow |
| 0:10 | Altar of Storms |
| 0:14 | Peon |
| 0:39 | Peon |
| 0:52 | War Mill |
| 0:55 | Peon |
| 1:25 | Barracks |
| 1:37 | Barracks |
| 1:46 | Peon |
| 2:00 | Peon |
| 2:05 | Orc Burrow |
| 2:12 | Endurance Aura |
| 2:28 | Orc Burrow |
| 2:38 | Troll Headhunter |
| 2:48 | Troll Headhunter |
| 2:48 | Troll Headhunter |
| Select | 39 |
| Right click | 26 |
| Assign group | 20 |
| Build/train/purchase | 12 |
| Select group | 7 |
| Minimap ping | 1 |

| Peasant | 10 | 750 | / | 0 |
| Footman | 4 | 540 | / | 0 |
| total: | 14 | 1290g | / | 0w |
| Scout Tower | 1 | 30 | / | 20 |
| Farm | 4 | 320 | / | 80 |
| Barracks | 1 | 160 | / | 60 |
| Altar of Kings | 1 | 180 | / | 50 |
| Lumber Mill | 1 | 120 | / | 0 |
| total: | 8 | 810g | / | 210w |
| 0:03 | Peasant |
| 0:03 | Peasant |
| 0:21 | Farm |
| 0:25 | Peasant |
| 0:32 | Barracks |
| 0:35 | Farm |
| 0:36 | Altar of Kings |
| 0:40 | Peasant |
| 0:40 | Peasant |
| 0:52 | Peasant |
| 1:11 | Peasant |
| 1:23 | Peasant |
| 1:38 | Footman |
| 1:41 | Farm |
| 1:52 | Footman |
| 1:58 | Peasant |
| 2:21 | Farm |
| 2:23 | Footman |
| 2:24 | Scout Tower |
| 2:30 | Peasant |
| 2:35 | Lumber Mill |
| 2:43 | Blizzard |
| 2:45 | Footman |
| Select | 44 |
| Right click | 39 |
| Build/train/purchase | 19 |
| Select group | 13 |
| Assign group | 7 |
| Misc. action | 4 |
| Use ability | 2 |
| Minimap ping | 1 |

| Peasant | 5 | 375 | / | 0 |
| Footman | 2 | 270 | / | 0 |
| total: | 7 | 645g | / | 0w |
| Altar of Kings | 1 | 180 | / | 50 |
| Farm | 5 | 400 | / | 100 |
| Barracks | 1 | 160 | / | 60 |
| Blacksmith | 1 | 140 | / | 60 |
| Arcane Vault | 1 | 130 | / | 30 |
| Lumber Mill | 1 | 120 | / | 0 |
| total: | 10 | 1130g | / | 300w |
| 0:05 | Peasant |
| 0:06 | Peasant |
| 0:06 | Peasant |
| 0:22 | Altar of Kings |
| 0:26 | Farm |
| 0:39 | Barracks |
| 0:41 | Peasant |
| 1:05 | Farm |
| 1:11 | Peasant |
| 1:48 | Blacksmith |
| 1:53 | Arcane Vault |
| 2:00 | Lumber Mill |
| 2:05 | Footman |
| 2:26 | Footman |
| 2:42 | Summon Water Elemental |
| 3:02 | Farm |
| 3:05 | Farm |
| 3:08 | Farm |
| Select | 45 |
| Right click | 43 |
| Build/train/purchase | 10 |
⇛